TOP OF THE 1ST |
Grand Junction Rockies batting - Pitching for Bristol Pirates : RHP Joe Simanton
|
Pitching: RHP Joe Simanton
|
|
Batting: RHB Juan Figueroa
|
0-0: Called Strike 0-1: Foul Ball, location: 2F 0-2: Strikes out looking
|
Batting: LHB Bill McGregor
|
0-0: Ball 1-0: Ball 2-0: Foul Ball, location: 2F 2-1: Foul Ball, location: 2F 2-2: Foul Ball, location: 2F 2-2: Foul Ball, location: 2F 2-2: Ball 3-2: Foul Ball, location: 2F 3-2: Fly out, F7 (Flyball, 78M, EV 86.3 MPH)
|
Batting: SHB Jeff Sorrels
|
0-0: Called Strike 0-1: Fly out, F7 (Flyball, 7S, EV 78.8 MPH)
|
Top of the 1st over - 0 runs, 0 hits, 0 errors, 0 left on base; Grand Junction 0 - Bristol 0 |
BOTTOM OF THE 1ST |
Bristol Pirates batting - Pitching for Grand Junction Rockies : LHP Steve Gilliam
|
Pitching: LHP Steve Gilliam
|
|
Batting: RHB Perry Dominey
|
0-0: Bunt for hit to 2L - play at first, batter safe!
|
Batting: LHB Joe Wise
|
0-0: Fielders Choice at 2nd, 1-4 (Groundball, 15S, EV 69.4 MPH)
|
Batting: LHB Randy Boone
|
0-0: Called Strike 0-1: TRIPLE (Flyball, 89XD, EV 95.6 MPH) Joe Wise scores
|
Batting: RHB Etsuro Hosokawa
|
0-0: Ball 1-0: DOUBLE (Flyball, 89XD, EV 110.6 MPH) Randy Boone scores
|
Batting: RHB Jaime Dubicki
|
0-0: Ball 1-0: Ground out 6-3 (Groundball, 6, EV 86.9 MPH) Etsuro Hosokawa to third
|
Batting: RHB Andrew DeRicco
|
0-0: Swinging Strike 0-1: Ball 1-1: Swinging Strike 1-2: Foul Ball, location: 2F 1-2: Foul Ball, location: 2F 1-2: Strikes out swinging
|
Bottom of the 1st over - 2 runs, 3 hits, 0 errors, 1 left on base; Grand Junction 0 - Bristol 2 |
TOP OF THE 2ND |
Grand Junction Rockies batting - Pitching for Bristol Pirates : RHP Joe Simanton
|
Batting: RHB Willis Morales
|
0-0: Ball 1-0: Swinging Strike 1-1: Swinging Strike 1-2: Ball 2-2: Strikes out looking
|
Batting: LHB Harry Folsom
|
0-0: Called Strike 0-1: Ball 1-1: Fly out, F8 (Flyball, 78D, EV 88.8 MPH)
|
Batting: RHB Zakhar Edelman
|
0-0: Swinging Strike 0-1: Fly out, F4 (Popup, 4MD, EV 70.6 MPH)
|
Top of the 2nd over - 0 runs, 0 hits, 0 errors, 0 left on base; Grand Junction 0 - Bristol 2 |
BOTTOM OF THE 2ND |
Bristol Pirates batting - Pitching for Grand Junction Rockies : LHP Steve Gilliam
|
Batting: RHB Gilberto Victoria
|
0-0: Ball 1-0: Called Strike 1-1: Ball 2-1: Foul Ball, location: 2F 2-2: Strikes out swinging
|
Batting: LHB Tomohiro Yokoyama
|
0-0: Ball 1-0: Fly out, F8 (Flyball, 78XD, EV 85.0 MPH)
|
Batting: RHB Rob Colley
|
0-0: Called Strike 0-1: Fly out, F8 (Flyball, 89D, EV 80.6 MPH)
|
Bottom of the 2nd over - 0 runs, 0 hits, 0 errors, 0 left on base; Grand Junction 0 - Bristol 2 |
TOP OF THE 3RD |
Grand Junction Rockies batting - Pitching for Bristol Pirates : RHP Joe Simanton
|
Batting: RHB Bryce Hickman
|
0-0: Called Strike 0-1: Ground out 6-3 (Groundball, 6S, EV 86.3 MPH)
|
Batting: LHB Michael Krott
|
0-0: Swinging Strike 0-1: Ball 1-1: Hit by Pitch
|
Batting: RHB Willie Benito
|
0-0: Ball 1-0: Ball 2-0: Ball Wild Pitch! Michael Krott to second 3-0: Ground out 5-3 (Groundball, 56, EV 86.3 MPH)
|
Batting: RHB Juan Figueroa
|
0-0: Ground out 5-3 (Groundball, 56S, EV 82.5 MPH)
|
Top of the 3rd over - 0 runs, 0 hits, 0 errors, 1 left on base; Grand Junction 0 - Bristol 2 |
BOTTOM OF THE 3RD |
Bristol Pirates batting - Pitching for Grand Junction Rockies : LHP Steve Gilliam
|
Batting: RHB Perry Dominey
|
0-0: Ball 1-0: Ball 2-0: Ball 3-0: Base on Balls
|
Batting: LHB Joe Wise
|
0-0: Ball 1-0: Swinging Strike 1-1: Foul Ball, location: 2F 1-2: Ball 2-2: Strikes out swinging
|
Batting: LHB Randy Boone
|
0-0: Ball Wild Pitch! Perry Dominey to second 1-0: Ball 2-0: Ball 3-0: Called Strike 3-1: Foul Ball, location: 2F 3-2: Fly out, F6 (Popup, 6MD, EV 65.0 MPH)
|
Batting: RHB Etsuro Hosokawa
|
0-0: Ball 1-0: Swinging Strike 1-1: Swinging Strike 1-2: Strikes out looking
|
Bottom of the 3rd over - 0 runs, 0 hits, 0 errors, 1 left on base; Grand Junction 0 - Bristol 2 |
TOP OF THE 4TH |
Grand Junction Rockies batting - Pitching for Bristol Pirates : RHP Joe Simanton
|
Batting: LHB Bill McGregor
|
0-0: Called Strike 0-1: Ball 1-1: Foul Ball, location: 2F 1-2: Strikes out swinging
|
Batting: SHB Jeff Sorrels
|
0-0: Ball 1-0: Ball 2-0: Ball 3-0: Called Strike 3-1: Called Strike 3-2: SINGLE (Groundball, 56D, EV 105.0 MPH)
|
Batting: RHB Willis Morales
|
0-0: Fly out, F9 (Flyball, 89S, EV 88.8 MPH)
|
Batting: LHB Harry Folsom
|
0-0: Called Strike 0-1: Foul Ball, location: 2F 0-2: Fly out, F4 (Flyball, 3D, EV 84.4 MPH)
|
Top of the 4th over - 0 runs, 1 hit, 0 errors, 1 left on base; Grand Junction 0 - Bristol 2 |
BOTTOM OF THE 4TH |
Bristol Pirates batting - Pitching for Grand Junction Rockies : LHP Steve Gilliam
|
Batting: RHB Jaime Dubicki
|
0-0: Ball 1-0: Called Strike 1-1: Called Strike 1-2: SINGLE (Line Drive, 4M, EV 94.4 MPH)
|
Batting: RHB Andrew DeRicco
|
0-0: Ball 1-0: Ball 2-0: Called Strike 2-1: Foul Ball, location: 2F 2-2: Foul Ball, location: 2F 2-2: Strikes out swinging
|
Batting: RHB Gilberto Victoria
|
0-0: Ball 1-0: Ball 2-0: Ball 3-0: Fly out, F9 (Flyball, 9LS, EV 89.4 MPH)
|
Batting: LHB Tomohiro Yokoyama
|
0-0: Swinging Strike 0-1: Swinging Strike 0-2: Hit by Pitch Jaime Dubicki to second
|
Batting: RHB Rob Colley
|
0-0: Called Strike 0-1: Swinging Strike 0-2: Strikes out looking
|
Bottom of the 4th over - 0 runs, 1 hit, 0 errors, 2 left on base; Grand Junction 0 - Bristol 2 |
TOP OF THE 5TH |
Grand Junction Rockies batting - Pitching for Bristol Pirates : RHP Joe Simanton
|
Batting: RHB Zakhar Edelman
|
0-0: Called Strike 0-1: DOUBLE (Line Drive, 8RXD, EV 108.1 MPH)
|
Batting: RHB Bryce Hickman
|
0-0: Ball 1-0: Fly out, F8 (Flyball, 8RXD, EV 94.4 MPH) Runner from 2nd tags up, SAFE at 3rd, no throw by CF
|
Batting: LHB Michael Krott
|
0-0: Called Strike 0-1: Ball 1-1: Called Strike 1-2: Ground out 4-3 (Groundball, 34, EV 103.1 MPH) Zakhar Edelman scores
|
Batting: RHB Willie Benito
|
0-0: Fly out, F8 (Line Drive, 8RM, EV 91.9 MPH)
|
Top of the 5th over - 1 run, 1 hit, 0 errors, 0 left on base; Grand Junction 1 - Bristol 2 |
BOTTOM OF THE 5TH |
Bristol Pirates batting - Pitching for Grand Junction Rockies : LHP Steve Gilliam
|
Batting: RHB Perry Dominey
|
0-0: Ball 1-0: Foul Ball, location: 2F 1-1: Fly out, F9 (Flyball, 89S, EV 96.3 MPH)
|
Batting: LHB Joe Wise
|
0-0: Ground out 4-3 (Groundball, 4, EV 103.8 MPH)
|
Batting: LHB Randy Boone
|
0-0: Called Strike 0-1: Ball 1-1: Ball 2-1: Ball 3-1: Fly out, F7 (Flyball, 7, EV 89.4 MPH)
|
Bottom of the 5th over - 0 runs, 0 hits, 0 errors, 0 left on base; Grand Junction 1 - Bristol 2 |
TOP OF THE 6TH |
Grand Junction Rockies batting - Pitching for Bristol Pirates : RHP Joe Simanton
|
Batting: RHB Juan Figueroa
|
0-0: Swinging Strike 0-1: Foul Ball, location: 2F 0-2: Ball 1-2: Ball 2-2: Ball 3-2: Fly out, F7 (Flyball, 7D, EV 96.3 MPH)
|
Batting: LHB Bill McGregor
|
0-0: Swinging Strike 0-1: Foul Ball, location: 2F 0-2: Ball 1-2: Ball 2-2: Ball 3-2: Foul Ball, location: 2F 3-2: Foul Ball, location: 2F 3-2: SINGLE (Groundball, 4D, EV 96.3 MPH)
|
Batting: SHB Jeff Sorrels
|
0-0: Ball Bill McGregor steals 2nd base 1-0: Called Strike 1-1: Ball Bill McGregor steals 3rd base 2-1: Called Strike 2-2: Ball 3-2: Foul Ball, location: 2F 3-2: Ground out U3 (Groundball, 3, EV 91.3 MPH)
|
Batting: RHB Willis Morales
|
0-0: Called Strike 0-1: Ball 1-1: Swinging Strike 1-2: Ball 2-2: Ball 3-2: SINGLE (Groundball, 4S, EV 66.9 MPH) (infield hit) Bill McGregor scores
|
Batting: LHB Harry Folsom
|
0-0: Ball 1-0: Called Strike 1-1: Ball Passed Ball! Willis Morales to second 2-1: Foul Ball, location: 2F 2-2: Ball 3-2: Fly out, F9 (Flyball, 9D, EV 85.6 MPH)
|
Top of the 6th over - 1 run, 2 hits, 0 errors, 1 left on base; Grand Junction 2 - Bristol 2 |
BOTTOM OF THE 6TH |
Bristol Pirates batting - Pitching for Grand Junction Rockies : LHP Steve Gilliam
|
Batting: RHB Etsuro Hosokawa
|
0-0: Called Strike 0-1: Ball 1-1: DOUBLE (Flyball, 78D, EV 105.0 MPH)
|
Batting: RHB Jaime Dubicki
|
0-0: Ground out U3 (Groundball, 34S, EV 86.9 MPH) Etsuro Hosokawa to third
|
Batting: RHB Andrew DeRicco
|
0-0: Ball 1-0: Called Strike 1-1: Ball 2-1: Ball 3-1: Called Strike 3-2: Fly out, F7 (Flyball, 7D, EV 100.0 MPH) Runner from 3rd tags up, SCORES, no throw by LF
|
Batting: RHB Gilberto Victoria
|
0-0: Ball 1-0: Ball 2-0: Ball 3-0: Base on Balls
|
Batting: LHB Tomohiro Yokoyama
|
0-0: Swinging Strike 0-1: Foul Ball, location: 2F 0-2: Ball 1-2: Foul Ball, location: 2F 1-2: Ball Wild Pitch! Gilberto Victoria to second 2-2: Ball 3-2: Strikes out swinging
|
Bottom of the 6th over - 1 run, 1 hit, 0 errors, 1 left on base; Grand Junction 2 - Bristol 3 |
TOP OF THE 7TH |
Grand Junction Rockies batting - Pitching for Bristol Pirates : RHP Joe Simanton
|
Batting: RHB Zakhar Edelman
|
0-0: SINGLE (Groundball, 34D, EV 100.6 MPH)
|
Batting: RHB Bryce Hickman
|
0-0: Ball Zakhar Edelman steals 2nd base 1-0: Ground out 4-3 (Groundball, 4, EV 98.8 MPH) Zakhar Edelman to third
|
Batting: LHB Michael Krott
|
0-0: Swinging Strike 0-1: Ball 1-1: Foul Ball, location: 2F 1-2: Strikes out swinging
|
Pitching: RHP Doug Rawson
|
|
Pinch Hitting: SHB Jamie Mims
|
0-0: Fly out, F7 (Flyball, 7LS, EV 98.8 MPH)
|
Top of the 7th over - 0 runs, 1 hit, 0 errors, 1 left on base; Grand Junction 2 - Bristol 3 |
BOTTOM OF THE 7TH |
Bristol Pirates batting - Pitching for Grand Junction Rockies : LHP Steve Gilliam
|
Now at 3B: Brent Montagano
|
|
Batting: RHB Rob Colley
|
0-0: Called Strike 0-1: Ground out 5-3 (Groundball, 56S, EV 83.8 MPH)
|
Batting: RHB Perry Dominey
|
0-0: Called Strike 0-1: Foul Ball, location: 2F 0-2: Ball 1-2: Ball 2-2: Foul Ball, location: 2F 2-2: Fly out, F9 (Flyball, 89D, EV 100.0 MPH)
|
Batting: LHB Joe Wise
|
0-0: Ball 1-0: Foul Ball, location: 2F 1-1: DOUBLE (Line Drive, 9LD, EV 107.5 MPH)
|
Batting: LHB Randy Boone
|
0-0: Ball Wild Pitch! Joe Wise to third 1-0: Ball 2-0: Called Strike 2-1: Fly out, F5 (Line Drive, 6, EV 71.3 MPH)
|
Bottom of the 7th over - 0 runs, 1 hit, 0 errors, 1 left on base; Grand Junction 2 - Bristol 3 |
TOP OF THE 8TH |
Grand Junction Rockies batting - Pitching for Bristol Pirates : RHP Doug Rawson
|
Pinch Hitting: LHB Zack Guillen
|
0-0: Called Strike 0-1: Ball 1-1: Ball 2-1: SINGLE (Groundball, 4, EV 104.4 MPH)
|
Batting: LHB Bill McGregor
|
0-0: Called Strike Zack Guillen steals 2nd base 0-1: Ball 1-1: Ball 2-1: Called Strike 2-2: Foul Ball, location: 2F 2-2: Ball 3-2: Base on Balls
|
Pitching: RHP Ian Ferrara
|
|
Batting: SHB Jeff Sorrels
|
0-0: Swinging Strike 0-1: Fly out, F5 (Popup, 25F, EV 94.4 MPH)
|
Batting: RHB Willis Morales
|
0-0: Foul Ball, location: 2F 0-1: Ball 1-1: Foul Ball, location: 2F 1-2: DOUBLE (Flyball, 89D, EV 103.1 MPH) Zack Guillen scores Bill McGregor to third
|
Batting: LHB Harry Folsom
|
0-0: Swinging Strike 0-1: Ball 1-1: Foul Ball, location: 2F 1-2: Ball 2-2: Ball 3-2: Foul Ball, location: 2F 3-2: Foul Ball, location: 2F 3-2: Ground out 4-3 (Groundball, 34, EV 89.4 MPH)
|
Pinch Hitting: LHB Luke Coulter
|
0-0: Ball 1-0: Ground out 4-3 (Groundball, 4, EV 90.0 MPH)
|
Top of the 8th over - 1 run, 2 hits, 0 errors, 2 left on base; Grand Junction 3 - Bristol 3 |
BOTTOM OF THE 8TH |
Bristol Pirates batting - Pitching for Grand Junction Rockies : LHP Steve Gilliam
|
Now in LF: Chris Salim
|
|
Now in CF: John Stevenson
|
|
Now in RF: Bill McGregor
|
|
Batting: RHB Etsuro Hosokawa
|
0-0: Ground out U3 (Groundball, 34S, EV 81.9 MPH)
|
Batting: RHB Jaime Dubicki
|
0-0: Ball 1-0: Ball 2-0: Ball 3-0: Base on Balls
|
Batting: RHB Andrew DeRicco
|
0-0: Called Strike 0-1: Ball 1-1: Ball 2-1: Ball 3-1: Called Strike 3-2: Foul Ball, location: 2F 3-2: Base on Balls Jaime Dubicki to second
|
Batting: RHB Gilberto Victoria
|
0-0: Ball 1-0: Foul Ball, location: 2F 1-1: DOUBLE (Flyball, 8RXD, EV 113.1 MPH) Jaime Dubicki scores Andrew DeRicco to third
|
Pitching: RHP Jim Micaletti
|
|
Batting: LHB Tomohiro Yokoyama
|
0-0: Ball 1-0: Called Strike 1-1: Ball 2-1: Ball 3-1: Base on Balls
|
Batting: RHB Rob Colley
|
0-0: Ball 1-0: Ball 2-0: Fly out, F8 (Flyball, 89D, EV 97.5 MPH) Runner from 3rd tags up, SCORES, throw by CF Gilberto Victoria to third
|
Batting: RHB Perry Dominey
|
0-0: Ball 1-0: Called Strike 1-1: Fielders Choice at 2nd, 5-4 (Groundball, 56, EV 86.3 MPH)
|
Bottom of the 8th over - 2 runs, 1 hit, 0 errors, 2 left on base; Grand Junction 3 - Bristol 5 |
TOP OF THE 9TH |
Grand Junction Rockies batting - Pitching for Bristol Pirates : RHP Ian Ferrara
|
Pitching: RHP Hugo Rodriguez
|
|
Batting: RHB Bryce Hickman
|
0-0: Ball 1-0: Ground out 6-3 (Groundball, 6, EV 101.3 MPH)
|
Batting: LHB Michael Krott
|
0-0: Called Strike 0-1: Ball 1-1: Ball 2-1: Swinging Strike 2-2: Strikes out swinging
|
Pinch Hitting: LHB Jason Ryan
|
0-0: Called Strike 0-1: Foul Ball, location: 2F 0-2: Ball 1-2: Ball 2-2: Ball 3-2: Strikes out looking
|
Top of the 9th over - 0 runs, 0 hits, 0 errors, 0 left on base; Grand Junction 3 - Bristol 5 |
|